 Dungeon Crawl Stone Soup version 0.17-a0-1378-g281efdd (webtiles) character file.

33 tinkerttoy the Ruffian (level 3, -5/36 HPs)
             Began as a Troll Monk on June 14, 2015.
             Slain by Crazy Yiuf
             ... wielding a +2 quarterstaff of chaos
              (14 damage)
             ... on level 2 of the Dungeon.
             The game lasted 00:01:38 (738 turns).

tinkerttoy the Ruffian (Troll Monk)                  Turns: 738, Time: 00:01:38

Health: -5/36      AC:  5    Str: 19    XL:     3   Next: 12%
Magic:  0/2        EV: 10    Int:  6    God:
Gold:   39         SH:  0    Dex: 13    Spells: 0 memorised, 2 levels left

rFire  . . .     SeeInvis .       - Unarmed
rCold  . . .     Clarity  .     a - +0 robe
rNeg   . . .     SustAt   .     (no shield)
rPois  .         Gourm    +     (helmet restricted)
rElec  .         Spirit   .     (no cloak)
rCorr  .         Warding  .     (gloves unavailable)
rMut   .         Stasis   .     (boots unavailable)
MR     .....                    f - amulet of rage
Stlth  +.........               (no ring)
                                (no ring)

@: slowed, very slow, not resistant to hostile enchantments, very unstealthy
A: unfitting armour, claws 3, fast metabolism 3, gourmand, regeneration 2,
shaggy fur 1, tough skin 2
a: Evoke Berserk Rage


You were on level 2 of the Dungeon.
You were completely stuffed.

You visited 1 branch of the dungeon, and saw 2 of its levels.

You collected 39 gold pieces.

Inventory:

Missiles
 h - 4 javelins (quivered)
Armour
 a - a +0 robe (worn)
Jewellery
 f - an amulet of rage (around neck)
 j - a cursed -2 ring of dexterity {unknown}
 m - an uncursed amulet of clarity {unknown}
Scrolls
 c - a scroll of remove curse {unknown}
 e - a scroll of enchant armour {unknown}
 g - 5 scrolls of identify {unknown}
Potions
 k - a potion of heal wounds {unknown}
Comestibles
 b - 4 bread rations
 d - 2 meat rations
 i - 11 fruits
 l - a royal jelly


   Skills:
 + Level 2.8 Fighting
 + Level 2.7 Dodging
 + Level 1.1 Stealth
 + Level 4.4 Unarmed Combat


You had 2 spell levels left.
You didn't know any spells.

Dungeon Overview and Level Annotations

Branches:
Dungeon (2/15)

Altars:
Fedhas

Annotations:
D:2 Crazy Yiuf


Innate Abilities, Weirdness & Mutations

You are too large for most types of armour.
You have claws for hands.
Your metabolism is lightning-fast.
You like to eat raw meat.
You heal very quickly.
You are covered in fur (AC +1).
You have very tough skin (AC +2).


Message History

Crazy Yiuf is moderately wounded.
Crazy Yiuf hits you with a quarterstaff of chaos.
You feel yourself slow down.
You barely miss Crazy Yiuf.
Crazy Yiuf is moderately wounded.
Crazy Yiuf hits you with a quarterstaff of chaos.
Crazy Yiuf burns you.
You barely miss Crazy Yiuf.
Crazy Yiuf is moderately wounded.
Crazy Yiuf says, "Trifle childish broken!"
Crazy Yiuf hits you with a quarterstaff of chaos!
* * * LOW HITPOINT WARNING * * *
You feel your power leaking away.
You closely miss Crazy Yiuf.
Crazy Yiuf is moderately wounded.
Crazy Yiuf is no longer bleeding.
Crazy Yiuf drinks a potion.
Crazy Yiuf seems to grow stronger.
Crazy Yiuf yells, "Trifle!
Goldfish canine disdain."
Crazy Yiuf hits you with a quarterstaff of chaos!
You die...

........##..# #.#............#
##.####.##..###.#.##########.##
##.##........##.# ##...###
......#.######### #..#....
##.####.# ##....### #.# #.#
#(...## ##.# #.# ### #####.#.##
...# #.# #)..### ##.#......#
#.(####.## #.).g@####.....>#.##
#........# #...##..#........##
#.####..## ### ###.#).#.#.##
#.# #...# ########.# ..####.###
##.# .......# ########..#
######## ..........#
###########


You could see Crazy Yiuf.

Vanquished Creatures
  An adder (D:2)
  An ooze (D:1)
  2 worms (D:2)
  2 bats
  A giant cockroach (D:2)
  A goblin (D:2)
  2 hobgoblins (D:1)
  A giant newt (D:1)
  4 kobolds
  2 rats
17 creatures vanquished.

Notes
Turn   | Place    | Note
--------------------------------------------------------------
     0 | D:1      | tinkerttoy the Troll Monk began the quest for the Orb.
     0 | D:1      | Reached XP level 1. HP: 22/22 MP: 0/0
   266 | D:1      | Reached XP level 2. HP: 22/29 MP: 1/1
   603 | D:2      | Found a blossoming altar of Fedhas.
   664 | D:2      | Reached XP level 3. HP: 36/36 MP: 2/2
   732 | D:2      | Noticed Crazy Yiuf
   738 | D:2      | Slain by Crazy Yiuf

Vault maps used:
D:1:      wheals_arrival_shading, serial_bayou_pond_d
D:2:      fedhas_altar_fruit_tree, old_standard_altar, first_bread,
          guppyfry_early_lair_pool, uniq_crazy_yiuf_cottage

Action                   || total
-------------------------++-------
Melee: Unarmed           ||    49
 Stab: Sleeping          ||     1
  Eat: Chunk             ||     7
       Meat ration       ||     1
